Map: Orbital Shipyard

Players

LilDicky - Winner!

  • Race: Terran Terran
  • League: Diamond

lycan

  • Race: Terran Terran
  • League: Diamond

VOD

http://www.twitch.tv/tumescentpie

Description

Time

  • Played on: Dec. 1, 2015, 7:11 p.m.
  • Length: 15:04
Show
View Real Time Build Order
Export as new Build Order

LilDicky Terran - Winner!

Build Orders: Banshee Rush 

Get SALT Encoding   

  12  0:02  SCV  
  13  0:14  SCV  
  14  0:19  Supply Depot  
  14  0:26  SCV  
  15  0:32  Refinery  
  15  0:40  SCV  
  16  0:45  Barracks  
  16  0:52  SCV  
  17  1:07  SCV  
  18  1:19  SCV  
  19  1:35  Reaper  
  19  1:36  Orbital Command  
  19  1:47  Supply Depot  
  19  1:50  Refinery  
  19  2:02  Factory  
  19  2:04  SCV  
  19  2:08  Marine  
  21  2:16  SCV  
  22  2:26  Marine  
  22  2:28  SCV  
  24  2:40  SCV  
  24  2:44  Marine  
  25  2:45  Factory Tech Lab  
  25  2:46  Starport  
  25  2:57  SCV  
  26  3:05  Marine  
  27  3:10  SCV  
  28  3:17  Supply Depot  
  31  3:29  Banshee, Cloaking Field  
  31  3:36  Supply Depot  
  31  3:38  Marine, Widow Mine  
  34  3:44  Command Center  
  34  3:47  Engineering Bay  
  34  3:54  Supply Depot  
  34  3:56  Marine  
  35  4:04  SCV  
  35  4:12  Banshee  
  35  4:14  Marine  
  38  4:18  Missile Turret, Widow Mine  
  40  4:32  Marine  
  40  4:49  Marine  
  35  5:07  Marine  
  35  5:13  SCV  
  37  5:18  Viking  
  37  5:19  Widow Mine  
  37  5:20  Command Center  
  41  5:25  Marine  
  42  6:02  Marine  
  40  6:05  Factory Tech Lab  
  40  6:20  Marine  
  41  6:27  Siege Tank  
  41  6:28  Banshee  
  47  6:38  Marine  
  45  6:56  Marine  
  45  6:59  Siege Tank  
  49  7:01  SCV, Starport  
  50  7:10  Command Center  
  50  7:11  Orbital Command  
  50  7:15  SCV  
  51  7:17  Banshee  
  54  7:23  Marine  
  54  7:27  SCV  
  56  7:38  SCV  
  56  7:39  SCV  
  56  7:40  Siege Tank  
  61  7:45  Starport Reactor  
  61  8:11  Banshee  
  61  8:12  Siege Tank  
  67  8:30  Medivac x2  
  68  8:35  Orbital Command  
  68  8:44  Siege Tank  
  57  9:16  Banshee, Siege Tank  
  58  9:17  Viking x2  
  58  9:18  SCV  
  63  9:29  Marine  
  59  9:39  SCV  
  59  9:40  Refinery  
  59  9:41  Refinery  
  59  9:42  SCV, Refinery  
  59  9:43  Refinery  
  59  9:45  SCV  
  62  9:48  Siege Tank  
  62  9:51  SCV  
  66  9:54  SCV  
  66  9:57  SCV  
  66  9:59  Marine  
  69  10:01  Command Center  
  69  10:07  Banshee  
  72  10:20  SCV x2  
  74  10:21  SCV  
  74  10:23  Siege Tank  
  78  10:32  SCV x2  
  78  10:33  SCV  
  81  10:43  Viking  
  81  10:44  SCV x2  
  81  10:46  Factory  
  85  10:50  Viking  
  85  10:53  Supply Depot  
  85  10:54  Supply Depot  
  87  11:10  Banshee, Siege Tank  
  93  11:13  Viking  
  95  11:20  Viking  
  97  11:33  SCV  
  80  11:53  Banshee, Siege Tank  
  81  12:09  Factory Tech Lab, Viking x2  
  81  12:14  SCV  
  81  12:15  Orbital Command  
  86  12:25  Hellion  
  88  12:34  Siege Tank  
  88  12:36  Banshee  
  94  12:39  Viking x2  
  94  12:40  SCV x2  
  97  12:44  Refinery  
  97  12:46  Factory x2, Siege Tank  
  96  13:00  SCV x2  
  98  13:09  Viking  
  98  13:17  Siege Tank  
  101  13:27  Refinery  
  101  13:30  Missile Turret  
  101  13:31  SCV x2  
  101  13:34  Factory Tech Lab, Factory Reactor  
  103  13:37  Banshee, Viking  
  103  13:39  Viking  
  110  13:43  SCV x2  
  110  13:44  SCV x2  
  114  13:53  Siege Tank x2  
  114  13:54  Siege Tank  
  123  13:55  SCV  
  124  14:03  Supply Depot  
  124  14:05  Armory  
  124  14:06  SCV  
  122  14:11  Hellion x2  
  122  14:16  Armory  
  126  14:19  Missile Turret  
  122  14:25  Siege Tank x2  
Show
View Real Time Build Order
Export as new Build Order

lycan Terran 

Build Orders: Banshee Rush 

Get SALT Encoding   

  12  0:08  Supply Depot  
  12  0:13  SCV  
  13  0:25  SCV  
  14  0:32  Barracks  
  14  0:40  Refinery  
  14  0:43  SCV  
  15  0:55  SCV  
  16  1:07  SCV  
  17  1:19  SCV  
  17  1:24  Marine  
  19  1:32  Orbital Command  
  19  1:43  Supply Depot  
  19  1:46  Factory  
  19  1:48  Marine  
  20  1:58  SCV  
  21  2:02  Refinery  
  21  2:05  Marine  
  22  2:15  SCV  
  23  2:23  Marine  
  23  2:27  SCV  
  25  2:31  Factory Tech Lab, Starport  
  25  2:41  Marine  
  25  2:42  SCV  
  27  2:48  Supply Depot  
  27  2:55  SCV  
  28  2:59  Marine  
  29  3:07  SCV  
  30  3:13  Banshee  
  30  3:14  Cloaking Field  
  30  3:17  Widow Mine  
  30  3:19  SCV  
  37  3:20  Barracks Reactor  
  37  3:25  Supply Depot  
  36  3:31  SCV, Engineering Bay  
  37  3:46  Factory  
  37  3:48  SCV  
  40  3:58  Banshee  
  41  4:32  Command Center  
  38  4:46  SCV  
  39  4:58  SCV  
  36  5:19  Marine  
  37  5:28  Missile Turret  
  36  5:37  Missile Turret  
  36  5:38  Marine x2  
  36  5:39  Widow Mine  
  35  5:55  Marine x2  
  37  6:03  SCV  
  38  6:13  Factory Reactor, Marine x2  
  38  6:15  SCV  
  39  6:20  Starport  
  39  6:25  Barracks  
  39  6:26  Engineering Bay  
  39  6:27  Supply Depot, SCV  
  39  6:31  Marine x2  
  42  6:36  Supply Depot  
  42  6:37  Orbital Command  
  42  6:39  SCV  
  43  6:46  Terran Infantry Weapons Level 1  
  43  6:49  Marine  
  43  6:50  Marine  
  43  6:51  SCV  
  43  6:52  Factory Tech Lab  
  46  7:01  Hellion x2  
  48  7:03  SCV, Starport Reactor  
  48  7:06  Terran Infantry Armor Level 1  
  48  7:07  SCV, Marine  
  51  7:12  Refinery  
  51  7:14  Refinery  
  52  7:15  SCV  
  52  7:19  SCV  
  52  7:21  Siege Tank  
  56  7:27  SCV  
  57  7:31  SCV  
  57  7:32  Factory Tech Lab  
  57  7:35  Barracks x2  
  58  7:39  SCV  
  58  7:41  Marine  
  58  7:43  SCV, Medivac x2  
  58  8:00  SCV  
  58  8:02  Marine x2  
  58  8:03  Siege Tank  
  61  8:29  Marine  
  62  8:45  Missile Turret  
  53  9:39  Marine x2  
  53  9:45  Medivac x2  
  59  9:48  Command Center  
  59  9:49  Marine  
  59  9:50  Armory  
  60  9:55  Barracks  
  60  9:56  Barracks  
  60  9:59  SCV, Factory, Starport  
  61  10:00  SCV  
  62  10:16  Supply Depot  
  62  10:17  Supply Depot x2  
  62  10:31  SCV x2, Medivac, Siege Tank, Marine  
  70  10:37  Siege Tank, Marine x3  
  70  10:39  Supply Depot x2  
  70  10:40  Supply Depot  
  70  10:41  Starport Tech Lab  
  70  10:42  Marine  
  77  10:43  Supply Depot, SCV x2  
  77  10:45  Supply Depot  
  77  10:46  Supply Depot, Barracks Tech Lab  
  77  10:49  Barracks Tech Lab  
  80  10:53  Marine  
  80  10:55  SCV x2  
  80  10:56  Marine  
  85  10:57  Marine  
  85  11:03  Siege Tank  
  89  11:08  SCV x2  
  89  11:09  Siege Tank  
  89  11:10  Orbital Command  
  92  11:16  Raven  
  92  11:18  Factory Tech Lab  
  94  11:20  Barracks Reactor  
  94  11:27  Barracks Reactor  
  81  11:52  Marine x3  
  81  11:53  Liberator, Marauder  
  78  12:11  Marine x2, Marauder  
  78  12:12  Marine x2  
  78  12:14  Marauder  
  89  12:16  Medivac  
  89  12:17  Orbital Command, Medivac  
  93  12:23  Marine  
  93  12:26  Marine  
  93  12:28  Siege Tank  
  98  12:32  Marauder  
  98  12:36  Marauder  
  94  12:46  Medivac  
  94  12:49  SCV x3  
  99  12:51  Marine  
  99  12:53  Marauder  
  102  13:01  SCV x3  
  102  13:02  Marine x2  
  102  13:03  Marine x4  
  102  13:04  Siege Tank  
  114  13:15  Refinery  
  114  13:16  Marauder, Marine  
  114  13:17  Refinery  
  117  13:20  Marine  
  117  13:21  Marauder  
  120  13:33  Marine x3  
Tags
 
Add a new tag
Caveats
  • Supply blocks, unpowered buildings, or Contaminate may cause inaccurate times.
  • Supply counts are checked every 10 seconds.